 Dungeon Crawl Stone Soup version 0.30-a0-758-gc2c871d025 (webtiles) character file.

Game seed: 8739615468420955384

13458 DEFE the Thaumaturge (level 12, -3/81 HPs)
             Began as a Djinni Wanderer on Feb 10, 2023.
             Was an Elder of Ashenzari.
             Slain by a kobold demonologist
             ... wielding a +0 dagger of electrocution
              (20 damage)
             ... on level 9 of the Dungeon.
             The game lasted 00:15:57 (9190 turns).

DEFE the Thaumaturge (Djinni Wanderer)              Turns: 9190, Time: 00:15:58

Health: -3/81      AC: -2    Str: 15    XL:     12   Next: 33%
Gold:   488        EV: 15    Int: 18    God:    Ashenzari [****..] SH:  0 Dex: 15

rFire   + + .      SeeInvis +    o - +9 mace "Omniscient Malaise" {flame, Str+5, Melee, Evo} (curse)
rCold   x . .      Faith    .    (no shield)
rNeg    . . .      Spirit   .    G - +0 acid dragon scales "Loss of Ashenzari" {rCorr, Fort, Melee} (curse)
rPois   ∞          Reflect  .    c - +0 helmet of Ashenzari's Seer {Evo, Range} (curse)
rElec   .          Harm     .    x - +0 cloak "Perceptive Paranoia" {Melee, Fort} (curse)
rCorr   +          Rampage  .    A - +0 pair of gloves of the Chained Augur {Melee, Fort} (curse)
Will    +++..      Clarity  +    (boots unavailable)
Stlth   +                        k - amulet of regeneration
HPRegen 1.13/turn                n - ring of the Restrained Oracle {Will+, Melee, Fort} (curse)
MPRegen 0.00/turn                I - ring of willpower

@: about to teleport, corroded, flying
A: sickness immunity, fire resistance 2, cold vulnerability 1, float, innate
caster, HP casting, extra vitality 1
a: Renounce Religion, Shatter the Chains


You were on level 9 of the Dungeon.
You worshipped Ashenzari.
Ashenzari was greatly pleased with you.
You visited 1 branch of the dungeon, and saw 9 of its levels.
You also visited: Sewer and Bailey.

You collected 631 gold pieces.
You spent 143 gold pieces at shops.

Inventory:

Hand Weapons
 a - a +0 dagger
 o - the cursed +9 mace "Omniscient Malaise" (weapon) {flame, Str+5, Melee, Evo}
   (You found it on level 3 of the Dungeon)

   Str:       It affects your strength (+5).
   It has a curse which improves the following skills: Melee Combat: Short
   Blades, Long Blades, Axes, Maces & Flails, Polearms, Staves and Unarmed
   Combat.
   Evocations: Evocations.
Missiles
 p - 24 poisoned darts
 C - a throwing net
Armour
 c - the cursed +0 helmet of Ashenzari's Seer (worn) {Evo, Range}

   It has a curse which improves the following skills: Evocations: Evocations.
   Ranged Combat: Ranged Weapons and Throwing.
 d - a +0 robe
 e - a +2 helmet of see invisible
 x - the cursed +0 cloak "Perceptive Paranoia" (worn) {Melee, Fort}
   (You found it on level 3 of the Dungeon)

   It has a curse which improves the following skills: Melee Combat: Short
   Blades, Long Blades, Axes, Maces & Flails, Polearms, Staves and Unarmed
   Combat.
   Fortitude: Armour and Shields.
 A - the cursed +0 pair of gloves of the Chained Augur (worn) {Melee, Fort}
   (You found it on level 6 of the Dungeon)

   It has a curse which improves the following skills: Melee Combat: Short
   Blades, Long Blades, Axes, Maces & Flails, Polearms, Staves and Unarmed
   Combat.
   Fortitude: Armour and Shields.
 G - the cursed +0 acid dragon scales "Loss of Ashenzari" (worn) {rCorr, Fort, Melee}
   (You found it on level 8 of the Dungeon)

   rCorr:     It protects you from acid and corrosion.
   It has a curse which improves the following skills: Fortitude: Armour and
   Shields.
   Melee Combat: Short Blades, Long Blades, Axes, Maces & Flails, Polearms,
   Staves and Unarmed Combat.
 L - the +4 ring mail of Vaotz {+Inv rN+}
   (You found it on level 9 of the Dungeon)

   rN:        It protects you from negative energy.
   +Inv:      It lets you turn invisible.
Magical Staves
 F - a staff of earth
Jewellery
 f - a ring of wizardry
 h - a +6 ring of strength
 k - an amulet of regeneration (around neck)
 n - the cursed ring of the Restrained Oracle (left hand) {Will+, Melee, Fort}
   (You found it on level 2 of the Dungeon)

   [ring of willpower]

   Will:      It increases your willpower.
   It has a curse which improves the following skills: Melee Combat: Short
   Blades, Long Blades, Axes, Maces & Flails, Polearms, Staves and Unarmed
   Combat.
   Fortitude: Armour and Shields.
 r - a ring of see invisible
 I - a ring of willpower (right hand)
Wands
 y - a wand of flame (19)
 K - a wand of iceblast (2)
Scrolls
 j - 4 scrolls of noise
 s - 2 scrolls of magic mapping
 t - 8 scrolls of teleportation
 u - 2 scrolls of enchant armour
 v - 3 scrolls of fog
 w - 3 scrolls of poison
 B - 6 scrolls of identify
 J - a scroll of acquirement
 M - a scroll of enchant weapon
Potions
 b - 2 potions of haste
 g - 2 potions of attraction
 i - 4 potions of curing
 l - 3 potions of brilliance
 m - 2 potions of degeneration
 q - a potion of berserk rage
 z - 2 potions of cancellation
 E - a potion of resistance


   Skills:
 + Level 5.0 Fighting
 + Level 5.2(10.4) Maces & Flails
 + Level 3.5(5.2) Throwing
 + Level 6.8(11.5) Armour
 + Level 7.9 Dodging
 - Level 4.0(8.8) Unarmed Combat
 + Level 10.0 Spellcasting
 + Level 5.1(8.0) Evocations


You had 14 spell levels left.
You knew the following spells:

 Your Spells              Type           Power      Damage    Failure   Level
a - Poisonous Vapours     Pois/Air       90%        N/A       1%          2
b - Static Discharge      Conj/Air       90%        2-6/arc   1%          2
c - Magic Dart            Conj           100%       1d8       1%          1
d - Searing Ray           Conj           90%        2d7       1%          2
e - Ozocubu's Armour      Ice            45%        N/A       1%          3
f - Teleport Other        Tloc           45%        N/A       1%          3
g - Dispel Undead         Necr           45%        3d17      1%          4

Your spell library contained the following spells:

 Spells                   Type           Power      Damage    Failure   Level


Dungeon Overview and Level Annotations

Branches:
Dungeon (9/15)             Temple (0/1) D:4            Lair (0/5) D:9
  Sewer (visited)          Bailey (visited)
    Orc: D:9-12

Altars:
Ashenzari
Makhleb
Nemelex Xobeh
Qazlal
Trog
Xom
Zin

Shops:
D:3 ?

Annotations:
D:6 3 runed translucent doors, Anamonty's ghost, novice OpVM


Innate Abilities, Weirdness & Mutations

You are immune to sickness and miasma.
You are immune to poison.
Your flesh is very heat resistant. (rF++)
You are vulnerable to cold. (rC-)
You float through the air rather than walking.
You learn spells naturally, not from books.
Your magical power is your life essence.
You have superior vitality. (+4 MHP)


Message History

You take 10 damage, and have 64/81 hp.
Unknown command.
You barely miss the kobold demonologist.
The shadow imp closely misses you. The rust devil completely misses you.
The kobold demonologist hits you with a +0 dagger of electrocution.
You take 3 damage, and have 61/81 hp.
Unknown command.
You hit the kobold demonologist. You burn the kobold demonologist.
Your punch misses the kobold demonologist.
The rust devil barely misses you.
Unknown command.
You hit the kobold demonologist but do no damage.
The kobold demonologist closely misses you.
The rust devil closely misses you.
Unknown command.
You hit the kobold demonologist. You burn the kobold demonologist.
The kobold demonologist hits you with a +0 dagger of electrocution.
The chaos spawn hits you.
You are engulfed in flames.
You resist. The shadow imp hits you.
You take 14 damage, and have 49/81 hp.
Unknown command.
Unknown command.
You closely miss the kobold demonologist.
The rust devil hits you. The rust devil corrodes you!
The kobold demonologist hits you with a +0 dagger of electrocution.
You are electrocuted!
* * * LOW HITPOINT WARNING * * *
The chaos spawn completely misses you.
You take 25 damage, and have 24/81 hp.
MASSIVE DAMAGE!!
As you read the scroll of teleportation, it crumbles to dust.
You feel strangely unstable. The shadow imp hits you.
* * * LOW HITPOINT WARNING * * *
The rust devil hits you.
* * * LOW HITPOINT WARNING * * *
The kobold demonologist hits you with a +0 dagger of electrocution.
* * * LOW HITPOINT WARNING * * *
You are electrocuted!!
You die...

#..... *,,
,,,*#.....♣..♣P.P #.....>,
,***###########.......
#....# *
#....######....P.. #....#
#....'............ #(...#
#.##.#............ #..#.#
#....#...#####.P.. #....#
#.)..#####, , ....
#....#########.4.......,,
..#.
#.............@K...##..
,,, .#.
#............54##..... , ,
#..###...####..##...... ,
,,
#......................,,,
, #######################
* **


You could see a rust devil (summoned), a kobold demonologist, a chaos spawn
(summoned) and a shadow imp (summoned).

Vanquished Creatures
  4 two-headed ogres (D:9)
  A boulder beetle (D:9)
  An orc knight (Bailey)
  A deep elf pyromancer (D:9)
  Maggie (D:9)
  A kobold demonologist (D:9)
  2 trolls (D:9)
  Grinder (D:5)
  7 yaks (D:8)
  3 basilisks (D:9)
  2 wyverns
  2 steam dragons
  Edmund (D:5)
  2 wargs (D:9)
  An acid dragon (D:8)
  7 water moccasins
  An ice beast (D:6)
  14 orc warriors
  4 black bears
  4 centaurs
  A wolf (D:8)
  2 phantoms
  4 kobold brigands (D:9)
  3 bullfrogs
  9 gnoll sergeants
  A necrophage (D:6)
  2 scorpions
  11 wights
  2 howler monkeys (D:9)
  3 jellies
  10 orc priests
  3 gnoll boudas
  A hound (D:4)
  Jessica (D:2)
  2 iguanas
  14 orc wizards
  10 adders
  9 gnolls
  A river rat (D:3)
  3 white imps
  2 ufetubi (D:6)
  2 worms
  4 dart slugs
  32 orcs
  3 ball pythons
  5 endoplasms
  7 giant cockroaches
  5 goblins
  11 hobgoblins
  8 jackals
  12 kobolds
  5 quokkas
  10 bats
  A frilled lizard (D:2)
  7 rats
266 creatures vanquished.

Vanquished Creatures (others)
  5 fungi (D:9)
  14 plants (D:9)
19 creatures vanquished.

Grand Total: 285 creatures vanquished

Notes
Turn   | Place    | Note
-------+----------+-------------------------------------------
     0 | D:1      | DEFE the Djinni Wanderer began the quest for the Orb.
     0 | D:1      | DEFE set off with the following items: a +0 dagger, a
                  | potion of haste, a +0 helmet, a +0 robe, 2 potions of heal
                  | woundsthe following spells memorised: Poisonous Vapours,
                  | Static Discharge.
     0 | D:1      | Reached XP level 1. HP: 17/17 MP: 0/0
   210 | D:1      | Reached XP level 2. HP: 23/23 MP: 0/0
   379 | D:1      | Reached XP level 3. HP: 23/29 MP: 0/0
   379 | D:1      | Learned a level 1 spell: Magic Dart
   955 | D:2      | Reached XP level 4. HP: 35/35 MP: 0/0
  1053 | D:2      | Found a bloodstained altar of Trog.
  1145 | D:2      | Noticed Jessica
  1161 | D:2      | Killed Jessica
  1162 | D:2      | Reached skill level 3 in Spellcasting
  1445 | D:2      | Found a faded altar of an unknown god.
  1542 | D:2      | Reached XP level 5. HP: 38/40 MP: 0/0
  1542 | D:2      | Learned a level 2 spell: Searing Ray
  1871 | D:3      | Found a broken altar of Ashenzari.
  1879 | D:3      | Identified the +9 mace "Saeciunuss" {flame, Str+5}
  1885 | D:3      | Became a worshipper of Ashenzari the Shackled
  2069 | D:3      | Found Uwyk's Magic Scroll Emporium.
  2228 | D:3      | Found a glowing drain.
  2232 | Sewer    | Entered a sewer
  2254 | Sewer    | Noticed a water moccasin
  2264 | Sewer    | Killed a water moccasin
  2265 | Sewer    | Reached skill level 1 in Maces & Flails
  2265 | Sewer    | Reached skill level 4 in Spellcasting
  2265 | Sewer    | Reached XP level 6. HP: 27/46 MP: 0/0
  2441 | D:3      | Bought a scroll of teleportation for 33 gold pieces
  2441 | D:3      | Bought a scroll of identify for 22 gold pieces
  2441 | D:3      | Bought a scroll of identify for 22 gold pieces
  2441 | D:3      | Bought a scroll of fog for 44 gold pieces
  2441 | D:3      | Bought a scroll of identify for 22 gold pieces
  2882 | D:4      | Found a burning altar of Makhleb.
  2900 | D:4      | Found a staircase to the Ecumenical Temple.
  2911 | D:4      | Reached XP level 7. HP: 50/50 MP: 0/0
  2911 | D:4      | Learned a level 3 spell: Ozocubu's Armour
  3426 | D:5      | Entered Level 5 of the Dungeon
  3561 | D:5      | Reached * piety under Ashenzari
  3584 | D:5      | Reached skill level 5 in Spellcasting
  3919 | D:5      | Noticed Edmund
  3934 | D:5      | Killed Edmund
  3935 | D:5      | Reached XP level 8. HP: 52/56 MP: 0/0
  3959 | D:5      | Noticed Grinder
  3969 | D:5      | Paralysed by Grinder for 4 turns
  3976 | D:5      | Killed Grinder
  3977 | D:5      | Reached skill level 6 in Spellcasting
  4207 | D:5      | Found a glowing silver altar of Zin.
  4207 | D:5      | Found a sparkling altar of Nemelex Xobeh.
  4222 | D:5      | Reached ** piety under Ashenzari
  4501 | D:6      | Reached skill level 7 in Spellcasting
  4538 | D:6      | Found a runed translucent gate.
  4540 | D:6      | Found a runed translucent gate.
  4541 | D:6      | Found a runed translucent gate.
  4542 | D:6      | Noticed Anamonty's ghost (novice OpVM)
  4543 | D:6      | Noticed a shadow
  4553 | D:6      | Found a stormy altar of Qazlal.
  4580 | D:6      | Reached XP level 9. HP: 62/63 MP: 0/0
  4580 | D:6      | Learned a level 3 spell: Teleport Other
  4820 | D:6      | Reached skill level 8 in Spellcasting
  4834 | D:6      | Reached *** piety under Ashenzari
  5816 | D:7      | Reached skill level 1 in Armour
  6358 | D:8      | Reached XP level 10. HP: 52/70 MP: 0/0
  6381 | D:8      | Reached skill level 9 in Spellcasting
  6392 | D:8      | Reached skill level 5 in Dodging
  6396 | D:8      | HP: 2/70 [yak (12)]
  6941 | D:8      | Reached skill level 1 in Evocations
  7230 | D:9      | Found a staircase to the Lair.
  7283 | D:9      | Noticed a two-headed ogre
  7294 | D:9      | Killed a two-headed ogre
  7306 | D:9      | Found a flagged portal.
  7313 | Bailey   | Entered a bailey
  7383 | Bailey   | Reached skill level 5 in Armour
  7538 | Bailey   | Reached XP level 11. HP: 33/72 MP: 0/0
  7538 | Bailey   | Learned a level 4 spell: Dispel Undead
  7624 | Bailey   | Reached skill level 1 in Throwing
  7682 | Bailey   | Identified a scroll of acquirement
  7682 | Bailey   | Noticed an orc knight
  7686 | Bailey   | Killed an orc knight
  7885 | D:9      | Found a shimmering altar of Xom.
  7886 | D:9      | Found a shimmering altar of Xom.
  7888 | D:9      | Found a shimmering altar of Xom.
  7888 | D:9      | Found a shimmering altar of Xom.
  7892 | D:9      | Found a shimmering altar of Xom.
  7892 | D:9      | Found a shimmering altar of Xom.
  7940 | D:9      | Noticed a two-headed ogre
  8121 | D:9      | Noticed a deep elf pyromancer
  8126 | D:9      | Killed a deep elf pyromancer
  8176 | D:9      | Noticed a boulder beetle
  8339 | D:9      | Noticed Maggie
  8383 | D:9      | Killed a two-headed ogre
  8461 | D:9      | Identified the +4 ring mail of Vaotz {+Inv rN+}
  8527 | D:9      | Killed Maggie
  8663 | D:9      | Reached XP level 12. HP: 46/79 MP: 0/0
  8702 | D:9      | Noticed a two-headed ogre
  8712 | D:9      | Killed a two-headed ogre
  8713 | D:9      | Reached skill level 10 in Spellcasting
  8779 | D:9      | Noticed an anaconda
  8783 | D:9      | Found a shimmering altar of Xom.
  8783 | D:9      | Found a shimmering altar of Xom.
  8833 | D:9      | Killed a boulder beetle
  8834 | D:9      | Reached skill level 5 in Maces & Flails
  8920 | D:9      | Noticed a two-headed ogre
  8927 | D:9      | Killed a two-headed ogre
  8928 | D:9      | Reached skill level 5 in Evocations
  8991 | D:9      | Reached **** piety under Ashenzari
  9042 | D:9      | Reached skill level 5 in Fighting
  9103 | D:9      | Noticed an azure jelly
  9140 | D:9      | Identified the +9 whip "Dragonbane" {speed, rF+ Will+}
  9190 | D:9      | Slain by a kobold demonologist

Illustrated notes

Levels and vault maps discovered:
D:1:      dpeg_arrival_yet_another_circle, layout_basic
D:2:      layout_basic, shapermc_ecumenical_altar_mp_highgroup, basic_altar,
          st_stairs_12, uniq_jessica
D:3:      layout_loops_cross, old_standard_altar, mainiacjoe_overflow_alcove_4,
          gup_sewer_entry_spiral, serial_shops, nicolae_shop_stone
D:4:      layout_loops_ring, nicolae_overflow_hidden_temple,
          mainiacjoe_overflow_paths, minmay_temple_entry_drinking_statues,
          minmay_misc_feat_iff, nrook_mini_backslash,
          chequers_serial_rivers_room_b, minmay_cupped
D:5:      layout_cave_pods, gammafunk_temple_overflow_elements, uniq_edmund,
          uniq_grinder
D:6:      layout_loops_ring, lemuel_crystal_altar, gammafunk_ghost_split
D:7:      layout_basic
D:8:      layout_basic
D:9:      lemuel_castle_with_subvaults [lemuel_castle_interior_original],
          layout_stronghold, xom_shifter_show, minmay_lair_entry_grove,
          enter_bailey_1, minivault_4, uniq_maggie

Skill      XL: |  1  2  3  4  5  6  7  8  9 10 11 12 |
---------------+-------------------------------------+-----
Fighting       | 2 3 4 5 |  5.0
Spellcasting   | 3 4 5 7 8 9 10 | 10.0
Maces & Flails | 1 2 3 4 5 |  5.2
Armour         | 2 5 6 |  6.8
Dodging        | 3 6 7 |  7.9
Evocations     | 2 4 5 |  5.1
Throwing       | 2 3 |  3.5
Unarmed Combat | |  4.0

Action                     |  1- 3 |  4- 6 |  7- 9 | 10-12 || total
---------------------------+-------+-------+-------+-------++-------
  Melee: Dagger            |   185 |   214 |       |       ||   399
         Punch             |     7 |     7 |    11 |    27 ||    52
         Mace              |       |    48 |   207 |   456 ||   711
  Throw: Dart              |       |       |     1 |       ||     1
         Throwing net      |       |       |       |     2 ||     2
   Cast: Searing Ray       |       |       |     1 |       ||     1
 Invoke: Curse Item        |       |     1 |     4 |     2 ||     7
         Shatter the Chain |       |       |       |     1 ||     1
  Evoke: Wand              |       |       |     2 |    14 ||    16
    Use: Scroll            |     2 |     5 |     2 |     4 ||    13
         Potion            |     1 |       |       |     2 ||     3
   Stab: Held in net/web   |       |       |       |     1 ||     1
 Armour: Ring mail         |   175 |   101 |    87 |    12 ||   375
         Robe              |     1 |       |       |       ||     1
         Acid dragon scale |       |       |       |   143 ||   143
  Dodge: Dodged            |   177 |   139 |   147 |   350 ||   813

Table legend: (Time is in decaauts)
 A = Elapsed time spent in this place.
 B = Non-inter-level travel time spent in this place.
 C = Inter-level travel time spent in this place.
 D = Time resting spent in this place.
 E = Time spent auto-exploring this place.
 F = Levels seen in this place.
 G = Mean time per level.
                   A        B        C        D        E       F      G
               +--------+--------+--------+--------+--------+-----+--------+
         Total |   9247 |   8923 |    324 |   1319 |   5173 |  11 |  840.6 |
       Dungeon |   8745 |   8421 |    324 |   1161 |   5030 |   9 |  971.7 |
         Sewer |     94 |     94 |      0 |     17 |     43 |   1 |   94.0 |
        Bailey |    406 |    406 |      0 |    141 |    100 |   1 |  406.0 |
               +--------+--------+--------+--------+--------+-----+--------+

Top non-repeatable levels by time:
     D:9: 1513 daAuts
     D:6: 1085 daAuts
     D:8: 1056 daAuts
     D:5: 944 daAuts
     D:2: 926 daAuts
     D:1: 920 daAuts
     D:3: 872 daAuts
     D:7: 796 daAuts
     D:4: 630 daAuts
  Bailey: 406 daAuts
   Sewer: 94 daAuts
